 Dungeon Crawl Stone Soup version 0.30-b1-2-g02819fbbbe (webtiles) character file.

Game seed: 15874665950043998196

138 Alarkh the Ruffian (level 5, 0/42 HPs)
             Began as a Demonspawn Chaos Knight on May 21, 2023.
             Was a Plaything of Xom.
             Killed from afar by Sigmund (5 damage)
             ... with a magic dart
             ... on level 3 of the Dungeon.
             The game lasted 00:02:41 (2138 turns).

Alarkh the Ruffian (Demonspawn Chaos Knight)        Turns: 2138, Time: 00:02:43

Health: 0/42       AC:  7    Str: 13    XL:     5   Next: 1%
Magic:  5/5        EV: 12    Int: 15    God:    Xom [*.....]
Gold:   82         SH:  0    Dex: 12    Spells: 4/4 levels left

rFire   . .          .
                       - Unarmed
rCold   . . .        (no shield)
rNeg    . . .        a - +2 leather armour
rPois   +            f - +0 helmet
rElec   .            (no cloak)
rCorr   .            (no gloves)
SInv    .            (no boots)
Will    .....        g - amulet of faith
Stlth   +            (no ring)
HPRegen 0.27/turn    (no ring)
MPRegen 0.09/turn

%: faith
@: lethally poisoned (0 -> -8)
A: claws 1, spiny 1, sharp scales 1, poison resistance
a: Renounce Religion


You were on level 3 of the Dungeon.
You worshipped Xom.
You were a special plaything of Xom.
You visited 1 branch of the dungeon, and saw 3 of its levels.

You collected 82 gold pieces.

Inventory:

Armour
 a - a +2 leather armour (worn)
 f - a +0 helmet (worn)
 l - the +0 robe of Anaesthesia {rElec}
   (You found it on level 3 of the Dungeon)

   rElec:     It insulates you from electricity.
Jewellery
 g - an amulet of faith (around neck)
Scrolls
 c - a scroll of poison
 d - a scroll of acquirement {unknown}
 e - a scroll of vulnerability {unknown}
 k - a scroll of fear {unknown}
 r - a scroll of identify
Potions
 h - 2 potions of resistance
 i - a potion of attraction {unknown}
 n - a potion of berserk rage {unknown}
Miscellaneous
 b - a piece from Xom's chessboard (15/15) (quivered)


   Skills:
 + Level 3.8 Fighting
 - Level 1.7 Armour
 + Level 2.2 Dodging
 * Level 4.1 Unarmed Combat


You had 4 spell levels left.
You didn't know any spells.
Your spell library contained the following spells:

 Spells                   Type           Power      Damage    Failure   Level
 Sublimation of Blood     Necr           0%         N/A       45%         2
 Wereblood                Tmut           0%         N/A       45%         2
 Frozen Ramparts          Ice            0%         1d1       71%         3
 Ice Form                 Ice/Tmut       0%         N/A       98%         4
 Summon Ice Beast         Ice/Summ       0%         N/A       98%         4
 Summon Hydra             Summ           0%         N/A       100%        7


Dungeon Overview and Level Annotations

Branches:
Dungeon (3/15)

Altars:

Annotations:
D:3 Sigmund


Innate Abilities, Weirdness & Mutations

You have sharp fingernails.
You are partially covered in sharp spines.
You are partially covered in razor-sharp scales. (AC +1, Slay +1)
Your system is resistant to poisons. (rPois)


Message History

You scratch something.
You feel very sick. Something hits you.
You closely miss something.
You feel sick.
You miss something.
You feel sick. Something hits you.
You are more poisoned.
You feel better.
You miss something. Something hits you.
You are poisoned.
You miss something.
You feel sick.
You hear some strange, mumbled words.
Something tries to affect you, but you resist.
You miss something.
You feel sick.
You hear some strange, mumbled words.
A magic dart appears from out of thin air!
The magic dart hits you!
You barely miss something.
You feel sick.
You hear some strange, mumbled words.
A magic dart appears from out of thin air!
The magic dart hits you.
* * * LOW HITPOINT WARNING * * *
Okay, then.
The air fills with toxic fumes!
As you read the scroll labelled LETWON HEGO, it crumbles to dust.
It was a scroll of poison.
Xom is amused.
You feel sick. Something hits you.
* * * LOW HITPOINT WARNING * * *
You are lethally poisoned!
You closely miss something.
* * * LOW HITPOINT WARNING * * *
You feel very sick.
You closely miss something.
* * * LOW HITPOINT WARNING * * *
You feel sick.
You hear some strange, mumbled words.
A magic dart appears from out of thin air!
The magic dart hits you.
You die... "It's all fun and games until someone loses an eye."

.....#.) #...# ###..#.#
#.#.# # #..#.# ##.#.## #
#..#.# #..#..# # #..#.#
##.###.##
###....###..#?#..###
'...####...##§##...####
#####....###§§§###§§§§###
......#### #§§@{§§§§§§..
#####....#
#§§§###§§§§####
####...##§# ..#### #..#?
### .#


There were no monsters in sight!

Vanquished Creatures
  A hound (D:3)
  A gnoll (D:1)
  3 adders
  A worm (D:3)
  2 dart slugs
  2 orcs (D:3)
  5 endoplasms
  4 giant cockroaches
  5 goblins
  5 hobgoblins
  A jackal (D:3)
  4 quokkas
  4 ball pythons
  7 bats
  3 frilled lizards
  5 kobolds
  9 rats
62 creatures vanquished.

Notes
Turn   | Place    | Note
-------+----------+-------------------------------------------
     0 | D:1      | Alarkh the Demonspawn Chaos Knight began the quest for the
                  | Orb.
     0 | D:1      | Reached XP level 1. HP: 18/18 MP: 1/1
    17 | D:1      | XOM: divination: detect creatures
    39 | D:1      | XOM: divination: magic mapping
    53 | D:1      | XOM: 2-stop teleportation journey
    63 | D:1      | Reached skill level 1 in Dodging
   203 | D:1      | Reached skill level 3 in Unarmed Combat
   203 | D:1      | Gained mutation: You have sharp fingernails. [demonic
                  | ancestry]
   203 | D:1      | Reached XP level 2. HP: 24/24 MP: 2/2
   441 | D:1      | XOM: stat loss: -1 Str (11/12)
   473 | D:1      | Gained mutation: You are partially covered in razor-sharp
                  | scales. (AC +1, Slay +1) [demonic ancestry]
   473 | D:1      | Reached XP level 3. HP: 22/29 MP: 3/3
   542 | D:1      | Found a faded altar of an unknown god.
   623 | D:1      | XOM: give mutation
   623 | D:1      | Gained mutation: Your system is resistant to poisons.
                  | (rPois) [Xom's grace]
  1074 | D:2      | XOM: summons 2 hostile demons
  1241 | D:2      | XOM: 4-stop teleportation journey
  1318 | D:2      | XOM: 4-stop teleportation journey
  1463 | D:2      | XOM: summons 1 hostile demon
  1471 | D:2      | HP: 1/29 [white imp/puff of frost[Xom] (11)]
  1796 | D:3      | XOM: noise
  1822 | D:3      | Reached XP level 4. HP: 35/35 MP: 4/4
  1930 | D:3      | Identified the +0 robe of Anaesthesia {rElec}
  1958 | D:3      | Reached skill level 4 in Unarmed Combat
  2112 | D:3      | Gained mutation: You are partially covered in sharp spines.
                  | [demonic ancestry]
  2112 | D:3      | Reached XP level 5. HP: 21/42 MP: 5/5
  2118 | D:3      | Noticed Sigmund
  2138 | D:3      | Killed from afar by Sigmund

Illustrated notes

Levels and vault maps discovered:
D:1:      minmay_arrival_three_doors, layout_loops_ring,
          ebering_ecumenical_altar_sacrificial
D:2:      wander_river, layout_loops_corners, chequers_serial_rivers_marsh,
          kennysheep_generic_room_10
D:3:      minmay_general_purpose_star, layout_basic, minmay_misc_feat_square,
          minmay_checkerbox, uniq_sigmund

Skill      XL: |  1  2  3  4 |
---------------+-------------+-----
Dodging        | 1 2 |  2.2
Unarmed Combat | 3 4 |  4.1
Fighting       | |  3.8
Armour         | |  1.7

Action                     |  1- 3 |  4- 6 || total
---------------------------+-------+-------++-------
  Melee: Unarmed           |   166 |    76 ||   242
         Punch             |     3 |     2 ||     5
    Use: Scroll            |     1 |     3 ||     4
         Potion            |     1 |     2 ||     3
   Stab: Sleeping          |     1 |       ||     1
 Armour: Leather armour    |    58 |    34 ||    92
  Dodge: Dodged            |    78 |    23 ||   101
